IL
PAWTUCKET RED SOX @ TACOMA RAINIERS
07/11/2045
 
TOP OF THE 1ST
Pawtucket Red Sox batting - Pitching for Tacoma Rainiers : RHP Takaaki Nakada
Pitching: RHP Takaaki Nakada
Batting: RHB Nate Dickinson 0-0: Called Strike
0-1: Foul Ball, location: 2F
0-2: Strikes out swinging
Batting: RHB Brandon Perris 0-0: Ball
1-0: Fly out, F8 (Flyball, 8RM, EV 80.0 MPH)
Batting: LHB Brent Albertson 0-0: Ball
1-0: Called Strike
1-1: Ball
2-1: SINGLE (Groundball, 6D, EV 100.0 MPH)
Batting: LHB John Bailey Pickoff Play to 1st, Runner tries for 2nd, OUT after rundown.
Top of the 1st over - 0 runs, 1 hit, 0 errors, 0 left on base; Pawtucket 0 - Tacoma 0
BOTTOM OF THE 1ST
Tacoma Rainiers batting - Pitching for Pawtucket Red Sox : RHP Scott Staples
Pitching: RHP Scott Staples
Batting: RHB Tatsunori Hayakawa 0-0: Swinging Strike
0-1: Ground out 6-3 (Groundball, P, EV 86.2 MPH)
Batting: RHB Kevin Chafe 0-0: Ball
1-0: Ground out 4-3 (Groundball, 4, EV 99.4 MPH)
Batting: RHB Eddie LaRose 0-0: Called Strike
0-1: Swinging Strike
0-2: Ball
1-2: Foul Ball, location: 2F
1-2: Strikes out looking
Bottom of the 1st over - 0 runs, 0 hits, 0 errors, 0 left on base; Pawtucket 0 - Tacoma 0
TOP OF THE 2ND
Pawtucket Red Sox batting - Pitching for Tacoma Rainiers : RHP Takaaki Nakada
Batting: LHB John Bailey 0-0: Ball
1-0: Called Strike
1-1: Swinging Strike
1-2: Ball
2-2: Strikes out swinging
Batting: RHB Devon Fourcade 0-0: Ground out 5-3 (Groundball, 56, EV 83.1 MPH)
Batting: RHB Ernie Genier 0-0: Ball
1-0: Foul Ball, location: 2F
1-1: Foul Ball, location: 2F
1-2: DOUBLE (Line Drive, 9LS, EV 88.8 MPH)
Batting: LHB Justin Wenzel 0-0: Ground out 1-3 (Groundball, 13S, EV 72.5 MPH)
Top of the 2nd over - 0 runs, 1 hit, 0 errors, 1 left on base; Pawtucket 0 - Tacoma 0
BOTTOM OF THE 2ND
Tacoma Rainiers batting - Pitching for Pawtucket Red Sox : RHP Scott Staples
Batting: LHB Cliff Thomas 0-0: Swinging Strike
0-1: Ball
1-1: Ball
2-1: Ball
3-1: DOUBLE (Line Drive, 7LM, EV 99.4 MPH)
Batting: RHB Liu-liang Lei 0-0: Called Strike
0-1: Foul Ball, location: 2F
0-2: Ground out 1-3 (Groundball, 13S, EV 66.2 MPH)
Cliff Thomas to third
Batting: SHB Tony de Lara 0-0: Ball
1-0: Foul Ball, location: 2F
1-1: Swinging Strike
1-2: Strikes out looking
Batting: RHB David Aguilar 0-0: Foul Ball, location: 2F
0-1: Ball
1-1: Ball
2-1: Ball
3-1: Fly out, F3 (Flyball, 3D, EV 90.0 MPH)
Bottom of the 2nd over - 0 runs, 1 hit, 0 errors, 1 left on base; Pawtucket 0 - Tacoma 0
TOP OF THE 3RD
Pawtucket Red Sox batting - Pitching for Tacoma Rainiers : RHP Takaaki Nakada
Batting: RHB Dan Friess 0-0: Fly out, F4 (Popup, 34D, EV 71.2 MPH)
Batting: LHB Dave Reyes 0-0: Ball
1-0: Ball
2-0: Ground out 5-3 (Groundball, 5, EV 85.6 MPH)
Batting: RHB Nate Dickinson 0-0: Ball
1-0: Swinging Strike
1-1: Ball
2-1: Ball
3-1: Ground out 6-3 (Groundball, 6S, EV 83.8 MPH)
Top of the 3rd over - 0 runs, 0 hits, 0 errors, 0 left on base; Pawtucket 0 - Tacoma 0
BOTTOM OF THE 3RD
Tacoma Rainiers batting - Pitching for Pawtucket Red Sox : RHP Scott Staples
Batting: RHB Sumiki Ryu 0-0: Foul Ball, location: 2F
0-1: Called Strike
0-2: Ball
1-2: Strikes out swinging
Batting: RHB Matt Berkley 0-0: Ball
1-0: Foul Ball, location: 2F
1-1: Ball
2-1: Ball
3-1: Foul Ball, location: 2F
3-2: SOLO HOME RUN (Line Drive, 78XD, EV 116.2 MPH), Distance : 429 ft
Batting: RHB Tatsunori Hayakawa 0-0: Ball
1-0: Foul Ball, location: 2F
1-1: Ground out 1-3 (Groundball, 13S, EV 63.8 MPH)
Batting: RHB Kevin Chafe 0-0: Called Strike
0-1: Called Strike
0-2: Strikes out swinging
Bottom of the 3rd over - 1 run, 1 hit, 0 errors, 0 left on base; Pawtucket 0 - Tacoma 1
TOP OF THE 4TH
Pawtucket Red Sox batting - Pitching for Tacoma Rainiers : RHP Takaaki Nakada
Batting: RHB Brandon Perris 0-0: SINGLE (Line Drive, 9S, EV 111.9 MPH)
Batting: LHB Brent Albertson 0-0: Ball
1-0: 2-RUN HOME RUN (Flyball, 9D, EV 97.5 MPH), Distance : 368 ft
Batting: LHB John Bailey 0-0: SINGLE (Groundball, 34D, EV 104.4 MPH)
Batting: RHB Devon Fourcade 0-0: Fly out, F9 (Flyball, 9LS, EV 81.2 MPH)
Batting: RHB Ernie Genier 0-0: Foul Ball, location: 2F
0-1: Ball
1-1: Ball
2-1: Called Strike
2-2: Ball
3-2: Foul Ball, location: 2F
3-2: Foul Ball, location: 2F
3-2: Fly out, F8 (Flyball, 78D, EV 80.0 MPH)
Batting: LHB Justin Wenzel 0-0: Called Strike
0-1: Swinging Strike
0-2: Ball
1-2: Ball
2-2: Foul Ball, location: 2F
2-2: Foul Ball, location: 2F
2-2: Foul Ball, location: 2F
2-2: Foul Ball, location: 2F
2-2: SINGLE (Line Drive, 8RS, EV 98.8 MPH)
John Bailey to second
Batting: RHB Dan Friess 0-0: Ball
1-0: Foul Ball, location: 2F
1-1: Ball
2-1: SINGLE (Flyball, 89S, EV 84.4 MPH)
John Bailey to third
Justin Wenzel to second
Runner from 3rd tries for Home, throw by RF and OUT! 9-2
Top of the 4th over - 2 runs, 5 hits, 0 errors, 2 left on base; Pawtucket 2 - Tacoma 1
BOTTOM OF THE 4TH
Tacoma Rainiers batting - Pitching for Pawtucket Red Sox : RHP Scott Staples
Batting: RHB Eddie LaRose 0-0: Swinging Strike
0-1: Ball
1-1: Ball
2-1: Ground out 5-3 (Groundball, 5L, EV 78.8 MPH)
Batting: LHB Cliff Thomas 0-0: Fly out, F9 (Line Drive, 9, EV 91.2 MPH)
Batting: RHB Liu-liang Lei 0-0: Fly out, F7 (Flyball, 78S, EV 81.9 MPH)
Bottom of the 4th over - 0 runs, 0 hits, 0 errors, 0 left on base; Pawtucket 2 - Tacoma 1
TOP OF THE 5TH
Pawtucket Red Sox batting - Pitching for Tacoma Rainiers : RHP Takaaki Nakada
Batting: LHB Dave Reyes 0-0: Swinging Strike
0-1: Ball
1-1: Ground out 6-3 (Groundball, 6, EV 83.8 MPH)
Batting: RHB Nate Dickinson 0-0: TRIPLE (Flyball, 78XD, EV 98.8 MPH)
Batting: RHB Brandon Perris 0-0: Ball
1-0: Ground out 5-3 (Groundball, 5, EV 99.4 MPH)
Batting: LHB Brent Albertson 0-0: Fly out, F5 (Popup, 56S, EV 78.8 MPH)
Top of the 5th over - 0 runs, 1 hit, 0 errors, 1 left on base; Pawtucket 2 - Tacoma 1
BOTTOM OF THE 5TH
Tacoma Rainiers batting - Pitching for Pawtucket Red Sox : RHP Scott Staples
Batting: SHB Tony de Lara 0-0: Foul Ball, location: 2F
0-1: Called Strike
0-2: Strikes out swinging
Batting: RHB David Aguilar 0-0: Ground out 6-3 (Groundball, 6, EV 86.9 MPH)
Batting: RHB Sumiki Ryu 0-0: Ball
1-0: Ground out 5-3 (Groundball, 56, EV 88.8 MPH)
Bottom of the 5th over - 0 runs, 0 hits, 0 errors, 0 left on base; Pawtucket 2 - Tacoma 1
TOP OF THE 6TH
Pawtucket Red Sox batting - Pitching for Tacoma Rainiers : RHP Takaaki Nakada
Batting: LHB John Bailey 0-0: Called Strike
0-1: Ball
1-1: Ball
2-1: Ball
3-1: SINGLE (Groundball, 4D, EV 104.4 MPH)
Batting: RHB Devon Fourcade 0-0: Called Strike
0-1: Ball
1-1: Foul Ball, location: 2F
1-2: Ball
2-2: Strikes out swinging
Batting: RHB Ernie Genier 0-0: Ball
1-0: Ball
2-0: Grounds into double play, 5-4-3 (Groundball, 5L, EV 87.5 MPH)
Top of the 6th over - 0 runs, 1 hit, 0 errors, 0 left on base; Pawtucket 2 - Tacoma 1
BOTTOM OF THE 6TH
Tacoma Rainiers batting - Pitching for Pawtucket Red Sox : RHP Scott Staples
Batting: RHB Matt Berkley 0-0: Ball
1-0: Fly out, F8 (Flyball, 8LXD, EV 105.0 MPH)
Batting: RHB Tatsunori Hayakawa 0-0: Ground out 5-3 (Groundball, 5, EV 82.5 MPH)
Batting: RHB Kevin Chafe 0-0: Called Strike
0-1: Called Strike
0-2: Ball
1-2: Ground out 5-3 (Groundball, 56, EV 106.2 MPH)
Bottom of the 6th over - 0 runs, 0 hits, 0 errors, 0 left on base; Pawtucket 2 - Tacoma 1
TOP OF THE 7TH
Pawtucket Red Sox batting - Pitching for Tacoma Rainiers : RHP Takaaki Nakada
Batting: LHB Justin Wenzel 0-0: Ball
1-0: DOUBLE (Line Drive, 9LM, EV 97.5 MPH)
Batting: RHB Dan Friess 0-0: Ground out 4-3 (Groundball, 4, EV 96.9 MPH)
Justin Wenzel to third
Batting: LHB Dave Reyes 0-0: Squeeze Bunt to 5S - play home, runner OUT, batter safe! 5-2
Batting: RHB Nate Dickinson 0-0: Fielders Choice at 2nd, 6-4 (Groundball, 6, EV 88.1 MPH)
Top of the 7th over - 0 runs, 1 hit, 0 errors, 1 left on base; Pawtucket 2 - Tacoma 1
BOTTOM OF THE 7TH
Tacoma Rainiers batting - Pitching for Pawtucket Red Sox : RHP Scott Staples
Batting: RHB Eddie LaRose 0-0: Ball
1-0: Ball
2-0: Foul Ball, location: 2F
2-1: Called Strike
2-2: Foul Ball, location: 2F
2-2: Ball
3-2: Foul Ball, location: 2F
3-2: Foul Ball, location: 2F
3-2: Base on Balls
Batting: LHB Cliff Thomas 0-0: Ball
1-0: Called Strike
1-1: Called Strike
1-2: Foul Ball, location: 2F
1-2: Strikes out looking
Batting: RHB Liu-liang Lei 0-0: Called Strike
0-1: Ball
1-1: Fly out, F8 (Flyball, 8RD, EV 93.8 MPH)
Batting: SHB Tony de Lara 0-0: Ball
1-0: Fly out, F8 (Flyball, 8RS, EV 93.1 MPH)
Bottom of the 7th over - 0 runs, 0 hits, 0 errors, 1 left on base; Pawtucket 2 - Tacoma 1
TOP OF THE 8TH
Pawtucket Red Sox batting - Pitching for Tacoma Rainiers : RHP Takaaki Nakada
Batting: RHB Brandon Perris 0-0: Foul Ball, location: 2F
0-1: Swinging Strike
0-2: Ball
1-2: Foul Ball, location: 2F
1-2: Ball
2-2: Foul Ball, location: 2F
2-2: Strikes out looking
Batting: LHB Brent Albertson 0-0: Foul Ball, location: 2F
0-1: Reached on error, E4 (Groundball, 4, EV 83.1 MPH)
Batting: LHB John Bailey 0-0: Called Strike
0-1: Ball
1-1: Ball
2-1: Ball
3-1: Foul Ball, location: 2F
3-2: SINGLE (Groundball, 4MD, EV 95.0 MPH)
Brent Albertson to second
Batting: RHB Devon Fourcade 0-0: Called Strike
0-1: Ball
1-1: Foul Ball, location: 2F
1-2: Strikes out swinging
Batting: LHB Shoichi Aso 0-0: Ball
1-0: Ball
2-0: Ball
3-0: Called Strike
3-1: Fly out, F8 (Line Drive, 8LM, EV 96.9 MPH)
Top of the 8th over - 0 runs, 1 hit, 1 error, 2 left on base; Pawtucket 2 - Tacoma 1
BOTTOM OF THE 8TH
Tacoma Rainiers batting - Pitching for Pawtucket Red Sox : RHP Scott Staples
Pinch Hitting: SHB Ismael Bello 0-0: Foul Ball, location: 2F
0-1: Called Strike
0-2: Ball
1-2: Ball
2-2: Foul Ball, location: 2F
2-2: Ball
3-2: Strikes out swinging
Batting: RHB Sumiki Ryu 0-0: Ball
1-0: Swinging Strike
1-1: Called Strike
1-2: Foul Ball, location: 2F
1-2: Foul Ball, location: 2F
1-2: Ball
2-2: Foul Ball, location: 2F
2-2: Ball
3-2: Strikes out swinging
Batting: RHB Matt Berkley 0-0: SINGLE (Groundball, 6MD, EV 95.0 MPH)
Pitching: RHP John McLeod
Batting: RHB Tatsunori Hayakawa 0-0: Ball
1-0: Called Strike
1-1: Ball
2-1: Ball
3-1: SINGLE (Groundball, 25, EV 70.0 MPH) (infield hit)
Matt Berkley to second
Batting: RHB Kevin Chafe 0-0: Swinging Strike
0-1: Fly out, F8 (Line Drive, 8RM, EV 91.2 MPH)
Bottom of the 8th over - 0 runs, 2 hits, 0 errors, 2 left on base; Pawtucket 2 - Tacoma 1
TOP OF THE 9TH
Pawtucket Red Sox batting - Pitching for Tacoma Rainiers : RHP Takaaki Nakada
Pitching: LHP Alex Villagran
Now in LF: Ismael Bello
Batting: LHB Justin Wenzel 0-0: Called Strike
0-1: Foul Ball, location: 2F
0-2: Ball
1-2: Fly out, F3 (Line Drive, 3, EV 67.5 MPH)
Batting: RHB Dan Friess 0-0: Ball
1-0: Foul Ball, location: 2F
1-1: Ball
2-1: Fly out, F5 (Flyball, 5D, EV 86.2 MPH)
Batting: LHB Dave Reyes 0-0: Called Strike
0-1: Ball
1-1: Foul Ball, location: 2F
1-2: Strikes out swinging
Top of the 9th over - 0 runs, 0 hits, 0 errors, 0 left on base; Pawtucket 2 - Tacoma 1
BOTTOM OF THE 9TH
Tacoma Rainiers batting - Pitching for Pawtucket Red Sox : RHP John McLeod
Pitching: RHP Billy Fitzgerald
Batting: RHB Eddie LaRose 0-0: Ball
1-0: Swinging Strike
1-1: Foul Ball, location: 2F
1-2: Ball
2-2: Strikes out looking
Batting: LHB Cliff Thomas 0-0: Foul Ball, location: 2F
0-1: Ball
1-1: Ball
2-1: Swinging Strike
2-2: SINGLE (Line Drive, 8RS, EV 106.2 MPH)
Batting: RHB Liu-liang Lei 0-0: Fielders Choice at 2nd, 3-6 (Groundball, 34D, EV 89.4 MPH)
Batting: SHB Tony de Lara 0-0: Foul Ball, location: 2F
0-1: Foul Ball, location: 2F
0-2: Ball
1-2: Ball
2-2: Ball
3-2: Foul Ball, location: 2F
3-2: Base on Balls
Liu-liang Lei to second
Batting: SHB Ismael Bello 0-0: Ball
1-0: Called Strike
1-1: Foul Ball, location: 2F
1-2: Ball
2-2: Strikes out swinging
Bottom of the 9th over - 0 runs, 1 hit, 0 errors, 2 left on base; Pawtucket 2 - Tacoma 1
Wednesday, June 22nd , 2022 - OOTP Baseball 23.4 Build 64